Ice Dragons vs Inferno

Created - 5 décembre 2014 at 22:31

Goals
1 2 3 T
Ice Dragons 1 3 2 6
Inferno 0 2 3 5
Shots
1 2 3 T
Ice Dragons 12 15 11 38
Inferno 3 21 16 40

1st period

1. Ice Dragons , Jeff Tambellini 15 (Cal Clutterbuck, Martin Hanzal) at 18:35

Penalties :
Andrej Sekera (Anc) for Holding (Minor) at 8:19, Pavel Vorobiev (Anc) for High sticking (Minor) at 13:03

2nd period

2. Ice Dragons , Shean Donovan 13 (Nigel Dawes) at 2:58
3. Inferno , Andrej Sekera 8 (Brad Marchand, Jonathan Boutin) at 12:15 (PP)
4. Inferno , Brad Marchand 15 (Travis Hamonic, Patrik Berglund) at 15:00 (PP)
5. Ice Dragons , Marc-Antoine Pouliot 1 (Nigel Dawes, Jonathan Blum) at 17:13
6. Ice Dragons , Mats Zuccarello 16 (Niklas Sundstrom, Boris Valabik) at 17:51

Penalties :
Stephane Veilleux (Anc) for Holding (Minor) at 0:38, Niklas Sundstrom (Kin) for High sticking (Minor) at 7:42, Martin Hanzal (Kin) for Hooking (Minor) at 12:02, Cal Clutterbuck (Kin) for High sticking (Minor) at 14:46

3rd period

7. Inferno , Stephane Veilleux 12 (Colin Wilson) at 0:33
8. Inferno , Brad Marchand 16 (Jonathan Ferland, Patrik Berglund) at 8:03 (PP)
9. Ice Dragons , Brad Staubitz 2 (Tim Kennedy, John Mitchell) at 9:19
10. Ice Dragons , Cal Clutterbuck 11 (Jeff Tambellini, Martin Hanzal) at 12:28
11. Inferno , Jonathan Ferland 23 (Brad Marchand, Patrik Berglund) at 12:38

Penalties :
Martin Hanzal (Kin) for Holding (Minor) at 5:06, Mats Zuccarello (Kin) for Cross-checking (Minor) at 7:57, Kevin Klein (Kin) for Tripping (Minor) at 9:36, Jeff Tambellini (Kin) for Roughing (Minor) at 13:00

Goalie Stats

Anders Nilsson (Kin), 35 saves from 40 shots - (0,875), W, 5-2-1, 60:00 minutes
Jonathan Boutin (Anc), 32 saves from 38 shots - (0,842), L, 1-7-0, 59:14 minutes

Players Stats for Ice Dragons

Player Name              G  A  P  +/- PIM S  H  SB GA TA FO     MP     PP MP  PK MP  
------------------------------------------------------------------------------------
Boris Valabik            0  1  1   1  0   1  3  1  0  2  0/0    26:29   3:28   5:19 
Brad Staubitz            1  0  1   1  0   2  1  0  0  0  0/0     6:38   0:12   0:00 
Brayden McNabb           0  0  0   2  0   0  0  0  0  0  0/0     4:14   0:00   0:00 
Cal Clutterbuck          1  1  2   2  2   6  4  2  0  0  2/3    21:35   2:57   1:55 
Danny Syvret             0  0  0  -1  0   0  0  1  0  0  0/0    18:54   2:29   3:10 
Eric Mestery             0  0  0   2  0   0  0  1  0  0  0/0     4:14   0:00   0:00 
Jeff Tambellini          1  1  2   2  2   5  3  0  0  0  2/2    22:33   2:48   2:15 
John Mitchell            0  1  1   1  0   1  0  0  0  0  1/2     7:50   0:00   1:06 
Jonathan Blum            0  1  1   2  0   0  1  1  0  0  0/0    12:58   2:29   1:10 
Kevin Klein              0  0  0   1  2   0  1  2  1  0  0/0    27:07   3:28   4:09 
Marc-Antoine Pouliot     1  0  1   2  0   3  0  0  1  2  4/8     9:31   0:00   0:00 
Martin Hanzal            0  2  2   2  4   4  0  0  2  0  15/33  18:45   3:09   0:00 
Mats Zuccarello          1  0  1  -1  2   3  2  1  1  0  0/0    14:37   2:57   0:16 
Matt Walker              0  0  0  -1  0   0  0  1  1  1  0/0    17:29   0:00   3:10 
Nigel Dawes              0  2  2   2  0   3  1  0  1  0  5/11   17:34   2:48   4:39 
Niklas Sundstrom         0  1  1  -1  2   2  0  0  0  1  0/0    12:04   0:00   0:00 
Patrick O'Sullivan       0  0  0  -1  0   4  0  0  0  0  4/14   14:17   2:48   0:00 
Shean Donovan            1  0  1   2  0   3  2  0  0  2  0/0    15:20   0:00   4:40 
Tim Kennedy              0  1  1   1  0   1  2  0  0  0  0/0    10:00   0:12   2:07 
Tyler Eckford            0  0  0   2  0   0  0  0  0  0  0/0     9:15   0:00   0:00 

Players Stats for Inferno

Player Name              G  A  P  +/- PIM S  H  SB GA TA FO     MP     PP MP  PK MP  
------------------------------------------------------------------------------------
Alex Berry               0  0  0  -1  0   1  0  0  0  0  0/0     7:29   0:00   0:00 
Andrej Sekera            1  0  1   0  2   3  4  2  0  3  0/0    29:47   5:25   2:16 
Brad Marchand            2  2  4   0  0   13 3  1  2  0  2/2    22:28   4:48   1:25 
Brendan Mikkelson        0  0  0  -2  0   3  0  1  0  1  0/0    20:13   3:04   2:55 
Brian Boyle              0  0  0  -1  0   2  1  0  0  0  3/4    10:33   0:00   2:55 
Colin Wilson             0  1  1  -2  0   2  1  0  0  0  9/18   16:51   3:41   0:52 
David Ullstrom           0  0  0  -1  0   1  0  0  0  0  1/2     9:22   0:00   0:00 
Jonathan Ferland         1  1  2   0  0   5  1  1  0  0  1/1    24:32   4:48   2:58 
Mark Mitera              0  0  0  -1  0   0  0  0  0  0  0/0    11:05   0:00   1:49 
Matt Kassian             0  0  0  -1  0   1  1  0  0  0  0/0     7:27   0:00   0:11 
Patrik Berglund          0  3  3   0  0   3  2  0  0  0  20/40  21:03   4:48   0:00 
Pavel Vorobiev           0  0  0  -2  2   1  4  0  1  0  1/1    12:11   0:00   0:00 
Simon Danis-Pepin        0  0  0  -2  0   0  0  1  0  0  0/0    10:22   0:00   0:46 
Stephane Veilleux        1  0  1  -2  2   1  2  2  1  0  0/0    17:17   3:41   1:26 
Travis Hamonic           0  1  1   0  0   3  5  3  0  1  0/0    31:30   5:25   3:29 
Vladimir Sobotka         0  0  0  -1  0   1  1  0  3  1  3/4    11:30   0:00   2:07 
Vladimir Zharkov         0  0  0  -1  0   0  2  1  1  0  0/1    12:55   3:41   0:00 
Yannick Weber            0  0  0  -3  0   0  0  1  0  1  0/0    17:25   3:04   0:39 

3 Stars

1 - Brad Marchand (Anc)
2 - Cal Clutterbuck (Kin)
3 - Jeff Tambellini (Kin)

Power Play

Ice Dragons - 0 on 3 Attempt(s) - 0,00%
Inferno - 3 on 7 Attempt(s) - 42,86%

Penalty Kill

Ice Dragons - 4 on 7 Attempt(s) - 57,14% - Score 0 goal in Penalty Kill
Inferno - 3 on 3 Attempt(s) - 100,00% - Score 0 goal in Penalty Kill

Official

Referees : Fraser Kerry and Rehman Kyle
Linesman : Jonny Murray and Pierre Champoux

Game Notes

No Game Note

Finance

Level 1 -- Attendance: 1383 (69,15%) -- Ticket Income 48 405 $
Level 2 -- Attendance: 668 (66,80%) -- Ticket Income 10 020 $
Total Attendance: 2051 (68,37%)
Total Ticket Income: 58 425 $
Other Income: 2 921 $
Total Income: 61 346 $

Ice Dragons

5 vs 5 Forward 
   Center                   Left Wing                Right Wing               Time % Phy DF OF 
 1 Martin Hanzal            Jeff Tambellini          Cal Clutterbuck          40     1   2  2  
 2 Patrick O'Sullivan       Mats Zuccarello          Niklas Sundstrom         30     1   2  2  
 3 Marc-Antoine Pouliot     Nigel Dawes              Shean Donovan            20     1   2  2  
 4 John Mitchell            Tim Kennedy              Brad Staubitz            10     1   2  2  

5 vs 5 Defense 
   Defense                  Defense                                           Time % Phy DF OF 
 1 Boris Valabik            Kevin Klein                                       40     1   2  2  
 2 Matt Walker              Danny Syvret                                      30     1   2  2  
 3 Tyler Eckford            Jonathan Blum                                     20     1   2  2  
 4 Brayden McNabb           Eric Mestery                                      10     1   3  1  

PowerPlay Forward 
   Center                   Left Wing                Right Wing               Time % Phy DF OF 
 1 Martin Hanzal            Mats Zuccarello          Cal Clutterbuck          60     1   1  3  
 2 Patrick O'Sullivan       Nigel Dawes              Jeff Tambellini          40     1   1  3  

PowerPlay Defense
   Defense                  Defense                                           Time % Phy DF OF 
 1 Boris Valabik            Kevin Klein                                       60     1   1  3  
 2 Jonathan Blum            Danny Syvret                                      40     1   1  3  

Penalty Kill 4 Players Forward 
   Center                   Wing                     Time % Phy DF OF 
 1 Nigel Dawes              Shean Donovan            60     1   4  0  
 2 Jeff Tambellini          Cal Clutterbuck          40     1   4  0  

Penalty Kill 4 Players Defense
   Defense                  Defense                  Time % Phy DF OF 
 1 Boris Valabik            Kevin Klein              60     1   4  0  
 2 Matt Walker              Danny Syvret             40     1   4  0  

Penalty Kill - 3 Players Forward 
   Forward                                           Time % Phy DF OF 
 1 Nigel Dawes                                       60     1   4  0  
 2 Shean Donovan                                     40     1   4  0  

Penalty Kill - 3 Players Defense
   Defense                  Defense                  Time % Phy DF OF 
 1 Boris Valabik            Kevin Klein              60     1   4  0  
 2 Matt Walker              Danny Syvret             40     1   4  0  

4 vs 4 Forward 
   Center                   Wing                     Time % Phy DF OF 
 1 Nigel Dawes              Niklas Sundstrom         60     1   2  2  
 2 Jeff Tambellini          Patrick O'Sullivan       40     1   2  2  

4 vs 4 Defense
   Defense                  Defense                  Time % Phy DF OF 
 1 Boris Valabik            Kevin Klein              60     1   2  2  
 2 Matt Walker              Danny Syvret             40     1   2  2  

Last Minutes Offensive
   Center                   Left Wing                Right Wing               Defense                  Defense                  
   Martin Hanzal            Jeff Tambellini          Cal Clutterbuck          Boris Valabik            Kevin Klein              

Last Minutes Defensive
   Center                   Left Wing                Right Wing               Defense                  Defense                  
   Jeff Tambellini          Cal Clutterbuck          Shean Donovan            Matt Walker              Kevin Klein              

Goaltenders
Starting : Anders Nilsson           
Backup : Justin Pogge             

Extra Forwards
Normal : Cal Clutterbuck, Mats Zuccarello, Tim Kennedy - PP : Cal Clutterbuck, Mats Zuccarello - PK : Tim Kennedy
Extra Defensemen
Normal : Tyler Eckford, Jonathan Blum, Brayden McNabb - PP : Tyler Eckford - PK : Jonathan Blum, Brayden McNabb
Penalty Shots
Nigel Dawes, Niklas Sundstrom, Jeff Tambellini, Patrick O'Sullivan, Shean Donovan

Inferno

5 vs 5 Forward 
   Center                   Left Wing                Right Wing               Time % Phy DF OF 
 1 Patrik Berglund          Brad Marchand            Jonathan Ferland         40     1   2  2  
 2 Colin Wilson             Stephane Veilleux        Pavel Vorobiev           30     1   2  2  
 3 Vladimir Sobotka         David Ullstrom           Vladimir Zharkov         20     1   2  2  
 4 Brian Boyle              Matt Kassian             Alex Berry               10     1   2  2  

5 vs 5 Defense 
   Defense                  Defense                                           Time % Phy DF OF 
 1 Travis Hamonic           Andrej Sekera                                     40     1   2  2  
 2 Brendan Mikkelson        Yannick Weber                                     30     1   2  2  
 3 Simon Danis-Pepin        Mark Mitera                                       20     1   2  2  
 4 Travis Hamonic           Andrej Sekera                                     10     1   2  2  

PowerPlay Forward 
   Center                   Left Wing                Right Wing               Time % Phy DF OF 
 1 Patrik Berglund          Brad Marchand            Jonathan Ferland         60     1   1  3  
 2 Colin Wilson             Stephane Veilleux        Vladimir Zharkov         40     1   1  3  

PowerPlay Defense
   Defense                  Defense                                           Time % Phy DF OF 
 1 Travis Hamonic           Andrej Sekera                                     60     1   1  3  
 2 Brendan Mikkelson        Yannick Weber                                     40     1   1  3  

Penalty Kill 4 Players Forward 
   Center                   Wing                     Time % Phy DF OF 
 1 Brian Boyle              Jonathan Ferland         60     1   4  0  
 2 Vladimir Sobotka         Stephane Veilleux        40     1   4  0  

Penalty Kill 4 Players Defense
   Defense                  Defense                  Time % Phy DF OF 
 1 Travis Hamonic           Andrej Sekera            60     1   4  0  
 2 Brendan Mikkelson        Mark Mitera              40     1   4  0  

Penalty Kill - 3 Players Forward 
   Forward                                           Time % Phy DF OF 
 1 Brian Boyle                                       60     1   4  0  
 2 Jonathan Ferland                                  40     1   4  0  

Penalty Kill - 3 Players Defense
   Defense                  Defense                  Time % Phy DF OF 
 1 Travis Hamonic           Andrej Sekera            60     1   4  0  
 2 Brendan Mikkelson        Mark Mitera              40     1   4  0  

4 vs 4 Forward 
   Center                   Wing                     Time % Phy DF OF 
 1 Patrik Berglund          Stephane Veilleux        60     1   2  2  
 2 Colin Wilson             Jonathan Ferland         40     1   2  2  

4 vs 4 Defense
   Defense                  Defense                  Time % Phy DF OF 
 1 Travis Hamonic           Andrej Sekera            60     1   2  2  
 2 Brendan Mikkelson        Yannick Weber            40     1   2  2  

Last Minutes Offensive
   Center                   Left Wing                Right Wing               Defense                  Defense                  
   Patrik Berglund          Brad Marchand            Jonathan Ferland         Travis Hamonic           Andrej Sekera            

Last Minutes Defensive
   Center                   Left Wing                Right Wing               Defense                  Defense                  
   Patrik Berglund          Brad Marchand            Jonathan Ferland         Travis Hamonic           Andrej Sekera            

Goaltenders
Starting : Jonathan Boutin          
Backup : Josh Harding             

Extra Forwards
Normal : Stephane Veilleux, Jonathan Ferland, Vladimir Zharkov - PP : Stephane Veilleux, Colin Wilson - PK : Stephane Veilleux
Extra Defensemen
Normal : Andrej Sekera, Travis Hamonic, Brendan Mikkelson - PP : Yannick Weber - PK : Brendan Mikkelson, Andrej Sekera
Penalty Shots
Patrik Berglund, Colin Wilson, Stephane Veilleux, Jonathan Ferland, Vladimir Zharkov

% Time on Ice - Ice Dragons

Lines # - Real PCT - Wanted PCT - Time Play
Normal Forward
1 - 38% - 40% - 17:00
2 - 26% - 30% - 11:29
3 - 21% - 20% - 9:31
4 - 14% - 10% - 6:26
Normal Defense
1 - 40% - 40% - 17:42
2 - 30% - 30% - 13:15
3 - 21% - 20% - 9:15
4 - 10% - 10% - 4:14
PP Forward
1 - 53% - 60% - 3:09
2 - 47% - 40% - 2:48
PP Defense
1 - 58% - 60% - 3:28
2 - 42% - 40% - 2:29
PK Forward
1 - 77% - 60% - 6:34
2 - 23% - 40% - 1:55
PK Defense
1 - 63% - 60% - 5:19
2 - 37% - 40% - 3:10
PK3 Forward
1 - 0% - 60%
2 - 0% - 40%
PK3 Defense
1 - 0% - 60%
2 - 0% - 40%
44 Forward
1 - 0% - 60%
2 - 0% - 40%
44 Defense
1 - 0% - 60%
2 - 0% - 40%
Last Minute Offensive  - 0:00
Last Minute Defensive  - 1:08
Total
Forward - 60:00
Defense - 60:00

% Time on Ice - Inferno

Lines # - Real PCT - Wanted PCT - Time Play
Normal Forward
1 - 36% - 40% - 15:55
2 - 27% - 30% - 11:54
3 - 21% - 20% - 9:22
4 - 16% - 10% - 7:15
Normal Defense
1 - 41% - 40% - 18:05
2 - 31% - 30% - 13:42
3 - 21% - 20% - 9:16
4 - 8% - 10% - 3:23
PP Forward
1 - 57% - 60% - 4:48
2 - 43% - 40% - 3:41
PP Defense
1 - 64% - 60% - 5:25
2 - 36% - 40% - 3:04
PK Forward
1 - 64% - 60% - 3:50
2 - 36% - 40% - 2:07
PK Defense
1 - 71% - 60% - 4:15
2 - 29% - 40% - 1:42
PK3 Forward
1 - 0% - 60%
2 - 0% - 40%
PK3 Defense
1 - 0% - 60%
2 - 0% - 40%
44 Forward
1 - 0% - 60%
2 - 0% - 40%
44 Defense
1 - 0% - 60%
2 - 0% - 40%
Last Minute Offensive  - 1:08
Last Minute Defensive  - 0:00
Total
Forward - 60:00
Defense - 60:00

Play by Play

1st period


0:01 of 1st period - Martin Hanzal wins face-off versus Patrik Berglund in neutral zone.
0:10 of 1st period - Snap shot by Martin Hanzal.
0:10 of 1st period - Deflect By Jeff Tambellini.
0:10 of 1st period - Shot Blocked by Travis Hamonic.
0:10 of 1st period - Puck is out of play.
0:11 of 1st period - Colin Wilson wins face-off versus Patrick O'Sullivan in Inferno zone.
0:26 of 1st period - Mats Zuccarello is hit by Stephane Veilleux and loses puck.
0:37 of 1st period - Brendan Mikkelson is hit by Nigel Dawes and loses puck.
1:42 of 1st period - Snap shot by Alex Berry.
1:42 of 1st period - Deflect By Colin Wilson.
1:42 of 1st period - Stopped by Anders Nilsson without a rebound.
1:43 of 1st period - Patrick O'Sullivan wins face-off versus Colin Wilson in Ice Dragons zone.
1:50 of 1st period - Snap shot by Niklas Sundstrom.
1:50 of 1st period - Shot Misses the Net.
1:52 of 1st period - Wrist shot by Niklas Sundstrom.
1:52 of 1st period - Shot Misses the Net.
2:08 of 1st period - Wrist shot by Patrick O'Sullivan.
2:08 of 1st period - Stopped by Jonathan Boutin with a rebound.
2:10 of 1st period - Snap shot by Patrick O'Sullivan.
2:10 of 1st period - Shot Blocked by Andrej Sekera.
2:12 of 1st period - Snap shot by Mats Zuccarello.
2:12 of 1st period - Shot Misses the Net.
2:37 of 1st period - Snap shot by Jeff Tambellini.
2:37 of 1st period - Stopped by Jonathan Boutin without a rebound.
2:38 of 1st period - Cal Clutterbuck wins face-off versus Colin Wilson in Inferno zone.
3:08 of 1st period - Wrist shot by Brad Marchand.
3:08 of 1st period - Shot Misses the Net.
3:31 of 1st period - Icing by Travis Hamonic.
3:32 of 1st period - Vladimir Sobotka wins face-off versus Cal Clutterbuck in Inferno zone.
3:43 of 1st period - David Ullstrom is hit by Cal Clutterbuck and loses puck.
3:50 of 1st period - Kevin Klein is hit by Travis Hamonic and loses puck.
4:15 of 1st period - Wrist shot by Shean Donovan.
4:15 of 1st period - Stopped by Jonathan Boutin with a rebound.
4:25 of 1st period - Mats Zuccarello is hit by Pavel Vorobiev and loses puck.
4:32 of 1st period - Wrist shot by Pavel Vorobiev.
4:32 of 1st period - Shot Blocked by Jonathan Blum.
4:54 of 1st period - Snap shot by Brian Boyle.
4:54 of 1st period - Stopped by Anders Nilsson with a rebound.
4:56 of 1st period - Slapshot by Mark Mitera.
4:56 of 1st period - Shot Blocked by Mats Zuccarello.
5:38 of 1st period - Snap shot by Nigel Dawes.
5:38 of 1st period - Shot Blocked by Andrej Sekera.
6:24 of 1st period - Snap shot by Shean Donovan.
6:24 of 1st period - Deflect By Marc-Antoine Pouliot.
6:24 of 1st period - Shot Misses the Net.
6:24 of 1st period - Puck is out of play.
6:25 of 1st period - Vladimir Sobotka wins face-off versus Marc-Antoine Pouliot in Inferno zone.
6:50 of 1st period - Patrik Berglund is hit by Cal Clutterbuck and loses puck.
6:57 of 1st period - Wrist shot by Jeff Tambellini.
6:57 of 1st period - Shot Blocked by Brendan Mikkelson.
7:15 of 1st period - Snap shot by Patrick O'Sullivan.
7:15 of 1st period - Stopped by Jonathan Boutin with a rebound.
7:17 of 1st period - Slapshot by Jonathan Blum.
7:17 of 1st period - Shot Misses the Net.
7:26 of 1st period - Icing by Simon Danis-Pepin.
7:27 of 1st period - Brian Boyle wins face-off versus John Mitchell in Inferno zone.
7:56 of 1st period - Backhand shot by Brad Marchand.
7:56 of 1st period - Stopped by Anders Nilsson without a rebound.
7:57 of 1st period - Martin Hanzal wins face-off versus Patrik Berglund in Ice Dragons zone.
7:57 of 1st period - Martin Hanzal is hit by Jonathan Ferland.
8:11 of 1st period - Wrist shot by Martin Hanzal.
8:11 of 1st period - Shot Misses the Net.
8:13 of 1st period - Wrist shot by Jeff Tambellini.
8:13 of 1st period - Shot Blocked by Brad Marchand.
8:19 of 1st period - Minor Penalty to Andrej Sekera for Holding.
8:20 of 1st period - Brian Boyle wins face-off versus Martin Hanzal in Inferno zone.
8:20 of 1st period - Brian Boyle is hit by Kevin Klein.
8:30 of 1st period - Travis Hamonic is hit by Cal Clutterbuck and loses puck.
8:35 of 1st period - Wrist shot by Martin Hanzal.
8:35 of 1st period - Stopped by Jonathan Boutin with a rebound.
10:19 of 1st period - Penalty to Andrej Sekera is over, Andrej Sekera is back on ice.
10:47 of 1st period - Shean Donovan is hit by Vladimir Sobotka and loses puck.
11:10 of 1st period - Off-side.
11:11 of 1st period - John Mitchell wins face-off versus Colin Wilson in neutral zone.
11:14 of 1st period - Stephane Veilleux is hit by Tim Kennedy and loses puck.
11:59 of 1st period - Patrik Berglund is hit by Boris Valabik and loses puck.
12:19 of 1st period - Wrist shot by Jeff Tambellini.
12:19 of 1st period - Stopped by Jonathan Boutin with a rebound.
12:53 of 1st period - Wrist shot by Tim Kennedy.
12:53 of 1st period - Shot Blocked by Stephane Veilleux.
12:55 of 1st period - Snap shot by John Mitchell.
12:55 of 1st period - Stopped by Jonathan Boutin with a rebound.
13:03 of 1st period - Minor Penalty to Pavel Vorobiev for High sticking.
13:04 of 1st period - Brian Boyle wins face-off versus Martin Hanzal in Inferno zone.
13:09 of 1st period - Slapshot by Andrej Sekera.
13:09 of 1st period - Shot Blocked by Boris Valabik.
15:03 of 1st period - Penalty to Pavel Vorobiev is over, Pavel Vorobiev is back on ice.
17:00 of 1st period - Wrist shot by Brian Boyle.
17:00 of 1st period - Shot Misses the Net.
17:10 of 1st period - Snap shot by Tim Kennedy.
17:10 of 1st period - Deflect By Jeff Tambellini.
17:10 of 1st period - Stopped by Jonathan Boutin without a rebound.
17:11 of 1st period - Martin Hanzal wins face-off versus Patrik Berglund in Inferno zone.
17:14 of 1st period - Snap shot by Cal Clutterbuck.
17:14 of 1st period - Stopped by Jonathan Boutin with a rebound.
17:20 of 1st period - Wrist shot by Cal Clutterbuck.
17:20 of 1st period - Stopped by Jonathan Boutin without a rebound.
17:21 of 1st period - Pavel Vorobiev wins face-off versus Patrick O'Sullivan in Inferno zone.
18:21 of 1st period - Slapshot by Cal Clutterbuck.
18:21 of 1st period - Stopped by Jonathan Boutin without a rebound.
18:22 of 1st period - Martin Hanzal wins face-off versus Patrik Berglund in Inferno zone.
18:35 of 1st period - Wrist shot by Jeff Tambellini.
18:35 of 1st period - Goal by Jeff Tambellini - Ice Dragons : 1 - Inferno : 0.
18:36 of 1st period - Patrik Berglund wins face-off versus Martin Hanzal in neutral zone.
18:41 of 1st period - Kevin Klein is hit by Andrej Sekera and loses puck.
18:47 of 1st period - Icing by Kevin Klein.
18:48 of 1st period - Patrik Berglund wins face-off versus Martin Hanzal in Ice Dragons zone.
19:13 of 1st period - Patrick O'Sullivan is hit by Travis Hamonic and loses puck.
19:41 of 1st period - Kevin Klein is hit by Vladimir Zharkov and loses puck.
Goals for this period are 1 for Ice Dragons vs 0 for Inferno.
Shots for this period are 12 for Ice Dragons vs 3 for Inferno.

2nd period


0:01 of 2nd period - Patrik Berglund wins face-off versus Martin Hanzal in neutral zone.
0:14 of 2nd period - Snap shot by Martin Hanzal.
0:14 of 2nd period - Shot Hit the Post.
0:16 of 2nd period - Snap shot by Martin Hanzal.
0:16 of 2nd period - Stopped by Jonathan Boutin without a rebound.
0:17 of 2nd period - Patrick O'Sullivan wins face-off versus Colin Wilson in Inferno zone.
0:32 of 2nd period - Wrist shot by Niklas Sundstrom.
0:32 of 2nd period - Shot Misses the Net.
0:38 of 2nd period - Minor Penalty to Stephane Veilleux for Holding.
0:39 of 2nd period - Martin Hanzal wins face-off versus Brian Boyle in Inferno zone.
1:04 of 2nd period - Nigel Dawes is hit by Andrej Sekera and loses puck.
1:21 of 2nd period - Slapshot by Cal Clutterbuck.
1:21 of 2nd period - Shot Misses the Net.
2:38 of 2nd period - Penalty to Stephane Veilleux is over, Stephane Veilleux is back on ice.
2:58 of 2nd period - Snap shot by Shean Donovan.
2:58 of 2nd period - Goal by Shean Donovan - Ice Dragons : 2 - Inferno : 0.
2:59 of 2nd period - Brad Marchand wins face-off versus Patrick O'Sullivan in neutral zone.
4:35 of 2nd period - Snap shot by Brad Marchand.
4:35 of 2nd period - Stopped by Anders Nilsson with a rebound.
4:43 of 2nd period - Wrist shot by Brad Marchand.
4:43 of 2nd period - Stopped by Anders Nilsson without a rebound.
4:44 of 2nd period - Martin Hanzal wins face-off versus Patrik Berglund in Ice Dragons zone.
4:58 of 2nd period - Snap shot by Jonathan Ferland.
4:58 of 2nd period - Stopped by Anders Nilsson without a rebound.
4:59 of 2nd period - Colin Wilson wins face-off versus Patrick O'Sullivan in Ice Dragons zone.
5:14 of 2nd period - Snap shot by Niklas Sundstrom.
5:14 of 2nd period - Shot Misses the Net.
5:24 of 2nd period - Stephane Veilleux is hit by Boris Valabik and loses puck.
5:50 of 2nd period - Snap shot by Patrik Berglund.
5:50 of 2nd period - Shot Misses the Net.
6:23 of 2nd period - Snap shot by Cal Clutterbuck.
6:23 of 2nd period - Stopped by Jonathan Boutin without a rebound.
6:24 of 2nd period - Patrik Berglund wins face-off versus Patrick O'Sullivan in Inferno zone.
7:16 of 2nd period - Colin Wilson is hit by Tim Kennedy and loses puck.
7:31 of 2nd period - Snap shot by Brian Boyle.
7:31 of 2nd period - Shot Blocked by Eric Mestery.
7:42 of 2nd period - Minor Penalty to Niklas Sundstrom for High sticking.
7:43 of 2nd period - Nigel Dawes wins face-off versus Patrik Berglund in Ice Dragons zone.
7:43 of 2nd period - Nigel Dawes is hit by Andrej Sekera.
8:09 of 2nd period - Boris Valabik is hit by Colin Wilson and loses puck.
9:42 of 2nd period - Penalty to Niklas Sundstrom is over, Niklas Sundstrom is back on ice.
9:56 of 2nd period - Wrist shot by Jeff Tambellini.
9:56 of 2nd period - Stopped by Jonathan Boutin with a rebound.
10:21 of 2nd period - Wrist shot by John Mitchell.
10:21 of 2nd period - Deflect By Niklas Sundstrom.
10:21 of 2nd period - Stopped by Jonathan Boutin without a rebound.
10:22 of 2nd period - Patrik Berglund wins face-off versus Marc-Antoine Pouliot in Inferno zone.
10:22 of 2nd period - Patrik Berglund is hit by Shean Donovan.
11:05 of 2nd period - Pavel Vorobiev is hit by Cal Clutterbuck and loses puck.
11:24 of 2nd period - Slapshot by Brad Marchand.
11:24 of 2nd period - Stopped by Anders Nilsson with a rebound.
11:46 of 2nd period - Wrist shot by Brian Boyle.
11:46 of 2nd period - Shot Misses the Net.
11:48 of 2nd period - Slapshot by Yannick Weber.
11:48 of 2nd period - Shot Blocked by Matt Walker.
11:50 of 2nd period - Snap shot by Brian Boyle.
11:50 of 2nd period - Shot Hit the Post.
11:52 of 2nd period - Snap shot by Brian Boyle.
11:52 of 2nd period - Shot Misses the Net.
11:54 of 2nd period - Slapshot by Brendan Mikkelson.
11:54 of 2nd period - Stopped by Anders Nilsson without a rebound.
11:55 of 2nd period - Martin Hanzal wins face-off versus Colin Wilson in Ice Dragons zone.
11:55 of 2nd period - Martin Hanzal is hit by Travis Hamonic.
12:02 of 2nd period - Minor Penalty to Martin Hanzal for Hooking.
12:03 of 2nd period - Patrik Berglund wins face-off versus Nigel Dawes in Ice Dragons zone.
12:03 of 2nd period - Snap shot by Jonathan Ferland.
12:03 of 2nd period - Shot Blocked by Kevin Klein.
12:15 of 2nd period - Slapshot by Andrej Sekera.
12:15 of 2nd period - Goal by Andrej Sekera - Ice Dragons : 2 - Inferno : 1.
12:16 of 2nd period - Martin Hanzal wins face-off versus Patrik Berglund in neutral zone.
12:54 of 2nd period - Snap shot by Niklas Sundstrom.
12:54 of 2nd period - Deflect By Mats Zuccarello.
12:54 of 2nd period - Stopped by Jonathan Boutin without a rebound.
12:55 of 2nd period - Patrik Berglund wins face-off versus Patrick O'Sullivan in Inferno zone.
12:58 of 2nd period - Wrist shot by Niklas Sundstrom.
12:58 of 2nd period - Stopped by Jonathan Boutin with a rebound.
13:00 of 2nd period - Snap shot by Niklas Sundstrom.
13:00 of 2nd period - Shot Blocked by Yannick Weber.
13:02 of 2nd period - Snap shot by Mats Zuccarello.
13:02 of 2nd period - Shot Blocked by Jonathan Ferland.
13:20 of 2nd period - Matt Walker is hit by Pavel Vorobiev and loses puck.
13:51 of 2nd period - Wrist shot by Vladimir Sobotka.
13:51 of 2nd period - Shot Misses the Net.
14:08 of 2nd period - Snap shot by Brian Boyle.
14:08 of 2nd period - Shot Misses the Net.
14:10 of 2nd period - Backhand shot by Travis Hamonic.
14:10 of 2nd period - Stopped by Anders Nilsson without a rebound.
14:11 of 2nd period - Martin Hanzal wins face-off versus Patrik Berglund in Ice Dragons zone.
14:19 of 2nd period - Icing by Brad Marchand.
14:20 of 2nd period - Martin Hanzal wins face-off versus Patrik Berglund in Inferno zone.
14:30 of 2nd period - Off-side.
14:31 of 2nd period - Patrik Berglund wins face-off versus Martin Hanzal in neutral zone.
14:40 of 2nd period - Slapshot by Patrik Berglund.
14:40 of 2nd period - Shot Blocked by Cal Clutterbuck.
14:42 of 2nd period - Snap shot by Andrej Sekera.
14:42 of 2nd period - Stopped by Anders Nilsson without a rebound.
14:43 of 2nd period - Martin Hanzal wins face-off versus Patrik Berglund in Ice Dragons zone.
14:43 of 2nd period - Martin Hanzal is hit by Brad Marchand.
14:46 of 2nd period - Minor Penalty to Cal Clutterbuck for High sticking.
14:47 of 2nd period - Nigel Dawes wins face-off versus Patrik Berglund in Ice Dragons zone.
14:47 of 2nd period - Nigel Dawes is hit by Brad Marchand.
14:56 of 2nd period - Snap shot by Brad Marchand.
14:56 of 2nd period - Shot Misses the Net.
14:58 of 2nd period - Wrist shot by Patrik Berglund.
14:58 of 2nd period - Shot Misses the Net.
15:00 of 2nd period - Slapshot by Travis Hamonic.
15:00 of 2nd period - Deflect By Brad Marchand.
15:00 of 2nd period - Goal by Brad Marchand - Ice Dragons : 2 - Inferno : 2.
15:01 of 2nd period - Patrik Berglund wins face-off versus Martin Hanzal in neutral zone.
15:04 of 2nd period - Snap shot by Brad Marchand.
15:04 of 2nd period - Stopped by Anders Nilsson without a rebound.
15:05 of 2nd period - Martin Hanzal wins face-off versus Patrik Berglund in Ice Dragons zone.
15:12 of 2nd period - Snap shot by Brad Marchand.
15:12 of 2nd period - Stopped by Anders Nilsson with a rebound.
15:14 of 2nd period - Slapshot by Travis Hamonic.
15:14 of 2nd period - Stopped by Anders Nilsson without a rebound.
15:15 of 2nd period - Patrik Berglund wins face-off versus Martin Hanzal in Ice Dragons zone.
15:22 of 2nd period - Snap shot by Brad Marchand.
15:22 of 2nd period - Stopped by Anders Nilsson without a rebound.
15:23 of 2nd period - Patrik Berglund wins face-off versus Martin Hanzal in Ice Dragons zone.
15:26 of 2nd period - Slapshot by Brad Marchand.
15:26 of 2nd period - Shot Blocked by Kevin Klein.
15:36 of 2nd period - Wrist shot by Jonathan Ferland.
15:36 of 2nd period - Stopped by Anders Nilsson without a rebound.
15:37 of 2nd period - Colin Wilson wins face-off versus Patrick O'Sullivan in Ice Dragons zone.
15:44 of 2nd period - Slapshot by Andrej Sekera.
15:44 of 2nd period - Stopped by Anders Nilsson without a rebound.
15:45 of 2nd period - Colin Wilson wins face-off versus Patrick O'Sullivan in Ice Dragons zone.
15:50 of 2nd period - Slapshot by Pavel Vorobiev.
15:50 of 2nd period - Stopped by Anders Nilsson with a rebound.
16:17 of 2nd period - Brad Marchand is hit by Jeff Tambellini and loses puck.
16:33 of 2nd period - Icing by Marc-Antoine Pouliot.
16:34 of 2nd period - David Ullstrom wins face-off versus Marc-Antoine Pouliot in Ice Dragons zone.
16:58 of 2nd period - Matt Walker is hit by Vladimir Zharkov and loses puck.
17:05 of 2nd period - Snap shot by Nigel Dawes.
17:05 of 2nd period - Shot Misses the Net.
17:07 of 2nd period - Wrist shot by Marc-Antoine Pouliot.
17:07 of 2nd period - Stopped by Jonathan Boutin with a rebound.
17:13 of 2nd period - Slapshot by Marc-Antoine Pouliot.
17:13 of 2nd period - Goal by Marc-Antoine Pouliot - Ice Dragons : 3 - Inferno : 2.
17:14 of 2nd period - Jonathan Ferland wins face-off versus Martin Hanzal in neutral zone.
17:17 of 2nd period - Slapshot by Andrej Sekera.
17:17 of 2nd period - Shot Blocked by Cal Clutterbuck.
17:19 of 2nd period - Slapshot by Andrej Sekera.
17:19 of 2nd period - Deflect By Brad Marchand.
17:19 of 2nd period - Stopped by Anders Nilsson without a rebound.
17:20 of 2nd period - Patrik Berglund wins face-off versus Martin Hanzal in Ice Dragons zone.
17:51 of 2nd period - Wrist shot by Mats Zuccarello.
17:51 of 2nd period - Goal by Mats Zuccarello - Ice Dragons : 4 - Inferno : 2.
17:52 of 2nd period - Patrik Berglund wins face-off versus Martin Hanzal in neutral zone.
17:56 of 2nd period - Travis Hamonic is hit by Jeff Tambellini and loses puck.
18:03 of 2nd period - Snap shot by Patrik Berglund.
18:03 of 2nd period - Deflect By Cal Clutterbuck.
18:03 of 2nd period - Stopped by Anders Nilsson without a rebound.
18:04 of 2nd period - Martin Hanzal wins face-off versus Patrik Berglund in Ice Dragons zone.
18:29 of 2nd period - Pavel Vorobiev is hit by Mats Zuccarello and loses puck.
18:37 of 2nd period - Off-side.
18:38 of 2nd period - Colin Wilson wins face-off versus Martin Hanzal in neutral zone.
18:41 of 2nd period - Slapshot by Brendan Mikkelson.
18:41 of 2nd period - Stopped by Anders Nilsson with a rebound.
18:43 of 2nd period - Slapshot by Brendan Mikkelson.
18:43 of 2nd period - Stopped by Anders Nilsson with a rebound.
18:45 of 2nd period - Snap shot by Colin Wilson.
18:45 of 2nd period - Stopped by Anders Nilsson without a rebound.
18:46 of 2nd period - Cal Clutterbuck wins face-off versus Colin Wilson in Ice Dragons zone.
18:46 of 2nd period - Cal Clutterbuck is hit by Pavel Vorobiev.
19:04 of 2nd period - Wrist shot by Martin Hanzal.
19:04 of 2nd period - Stopped by Jonathan Boutin without a rebound.
19:05 of 2nd period - Patrick O'Sullivan wins face-off versus Patrik Berglund in Inferno zone.
19:08 of 2nd period - Wrist shot by Mats Zuccarello.
19:08 of 2nd period - Stopped by Jonathan Boutin with a rebound.
19:10 of 2nd period - Snap shot by Patrick O'Sullivan.
19:10 of 2nd period - Stopped by Jonathan Boutin with a rebound.
19:12 of 2nd period - Slapshot by Boris Valabik.
19:12 of 2nd period - Stopped by Jonathan Boutin with a rebound.
19:14 of 2nd period - Wrist shot by Patrick O'Sullivan.
19:14 of 2nd period - Stopped by Jonathan Boutin with a rebound.
19:16 of 2nd period - Snap shot by Mats Zuccarello.
19:16 of 2nd period - Shot Misses the Net.
19:35 of 2nd period - Slapshot by Pavel Vorobiev.
19:35 of 2nd period - Shot Misses the Net.
19:55 of 2nd period - Snap shot by John Mitchell.
19:55 of 2nd period - Shot Blocked by Vladimir Zharkov.
Goals for this period are 3 for Ice Dragons vs 2 for Inferno.
Shots for this period are 15 for Ice Dragons vs 21 for Inferno.

3rd period


0:01 of 3rd period - Patrik Berglund wins face-off versus Martin Hanzal in neutral zone.
0:33 of 3rd period - Snap shot by Stephane Veilleux.
0:33 of 3rd period - Goal by Stephane Veilleux - Ice Dragons : 4 - Inferno : 3.
0:34 of 3rd period - Martin Hanzal wins face-off versus Patrik Berglund in neutral zone.
1:27 of 3rd period - Brad Marchand is hit by Brad Staubitz.
1:47 of 3rd period - Jonathan Ferland is hit by Jeff Tambellini and loses puck.
2:12 of 3rd period - Wrist shot by Brad Marchand.
2:12 of 3rd period - Stopped by Anders Nilsson with a rebound.
2:14 of 3rd period - Wrist shot by Jonathan Ferland.
2:14 of 3rd period - Stopped by Anders Nilsson with a rebound.
2:16 of 3rd period - Slapshot by Travis Hamonic.
2:16 of 3rd period - Deflect By Brad Marchand.
2:16 of 3rd period - Stopped by Anders Nilsson with a rebound.
2:20 of 3rd period - Snap shot by Brad Marchand.
2:20 of 3rd period - Deflect By Patrik Berglund.
2:20 of 3rd period - Stopped by Anders Nilsson without a rebound.
2:21 of 3rd period - Colin Wilson wins face-off versus Patrick O'Sullivan in Ice Dragons zone.
2:26 of 3rd period - Wrist shot by Stephane Veilleux.
2:26 of 3rd period - Shot Misses the Net.
2:46 of 3rd period - Niklas Sundstrom is hit by Brian Boyle and loses puck.
2:53 of 3rd period - Snap shot by Alex Berry.
2:53 of 3rd period - Shot Misses the Net.
2:55 of 3rd period - Wrist shot by Brian Boyle.
2:55 of 3rd period - Stopped by Anders Nilsson with a rebound.
2:59 of 3rd period - Snap shot by Brian Boyle.
2:59 of 3rd period - Shot Misses the Net.
3:17 of 3rd period - Snap shot by Nigel Dawes.
3:17 of 3rd period - Stopped by Jonathan Boutin with a rebound.
3:19 of 3rd period - Snap shot by Shean Donovan.
3:19 of 3rd period - Shot Blocked by Simon Danis-Pepin.
3:33 of 3rd period - Snap shot by Martin Hanzal.
3:33 of 3rd period - Stopped by Jonathan Boutin without a rebound.
3:34 of 3rd period - Colin Wilson wins face-off versus Martin Hanzal in Inferno zone.
3:44 of 3rd period - Off-side.
3:45 of 3rd period - Colin Wilson wins face-off versus Martin Hanzal in neutral zone.
4:36 of 3rd period - Travis Hamonic is hit by Jonathan Blum and loses puck.
5:06 of 3rd period - Minor Penalty to Martin Hanzal for Holding.
5:07 of 3rd period - Nigel Dawes wins face-off versus Patrik Berglund in Ice Dragons zone.
5:13 of 3rd period - Icing by Jonathan Ferland.
5:14 of 3rd period - Patrik Berglund wins face-off versus Nigel Dawes in Inferno zone.
5:14 of 3rd period - Patrik Berglund is hit by Boris Valabik.
5:20 of 3rd period - Slapshot by Andrej Sekera.
5:20 of 3rd period - Shot Misses the Net.
5:22 of 3rd period - Slapshot by Travis Hamonic.
5:22 of 3rd period - Deflect By Jonathan Ferland.
5:22 of 3rd period - Stopped by Anders Nilsson without a rebound.
5:23 of 3rd period - Patrik Berglund wins face-off versus Nigel Dawes in Ice Dragons zone.
7:06 of 3rd period - Penalty to Martin Hanzal is over, Martin Hanzal is back on ice.
7:57 of 3rd period - Minor Penalty to Mats Zuccarello for Cross-checking.
7:58 of 3rd period - Brad Marchand wins face-off versus Nigel Dawes in Ice Dragons zone.
8:03 of 3rd period - Snap shot by Brad Marchand.
8:03 of 3rd period - Goal by Brad Marchand - Ice Dragons : 4 - Inferno : 4.
8:04 of 3rd period - Jeff Tambellini wins face-off versus Patrik Berglund in neutral zone.
8:29 of 3rd period - Patrick O'Sullivan is hit by Pavel Vorobiev and loses puck.
8:57 of 3rd period - Wrist shot by Shean Donovan.
8:57 of 3rd period - Shot Blocked by Travis Hamonic.
9:17 of 3rd period - Snap shot by Brad Staubitz.
9:17 of 3rd period - Stopped by Jonathan Boutin with a rebound.
9:19 of 3rd period - Wrist shot by Brad Staubitz.
9:19 of 3rd period - Goal by Brad Staubitz - Ice Dragons : 5 - Inferno : 4.
9:20 of 3rd period - Patrik Berglund wins face-off versus Martin Hanzal in neutral zone.
9:23 of 3rd period - Boris Valabik is hit by Patrik Berglund and loses puck.
9:36 of 3rd period - Wrist shot by Cal Clutterbuck.
9:36 of 3rd period - Stopped by Jonathan Boutin without a rebound.
9:36 of 3rd period - Minor Penalty to Kevin Klein for Tripping.
9:37 of 3rd period - Nigel Dawes wins face-off versus Patrik Berglund in Ice Dragons zone.
10:44 of 3rd period - Jonathan Ferland is hit by Shean Donovan and loses puck.
11:19 of 3rd period - Boris Valabik is hit by Travis Hamonic and loses puck.
11:31 of 3rd period - Icing by Vladimir Zharkov.
11:32 of 3rd period - Colin Wilson wins face-off versus Nigel Dawes in Inferno zone.
11:36 of 3rd period - Penalty to Kevin Klein is over, Kevin Klein is back on ice.
11:43 of 3rd period - Tim Kennedy is hit by Matt Kassian and loses puck.
12:16 of 3rd period - Slapshot by Tim Kennedy.
12:16 of 3rd period - Stopped by Jonathan Boutin without a rebound.
12:17 of 3rd period - Martin Hanzal wins face-off versus Colin Wilson in Inferno zone.
12:26 of 3rd period - Slapshot by Jeff Tambellini.
12:26 of 3rd period - Shot Blocked by Stephane Veilleux.
12:28 of 3rd period - Wrist shot by Cal Clutterbuck.
12:28 of 3rd period - Goal by Cal Clutterbuck - Ice Dragons : 6 - Inferno : 4.
12:29 of 3rd period - Patrik Berglund wins face-off versus Patrick O'Sullivan in neutral zone.
12:36 of 3rd period - Slapshot by Brad Marchand.
12:36 of 3rd period - Shot Misses the Net.
12:38 of 3rd period - Slapshot by Jonathan Ferland.
12:38 of 3rd period - Goal by Jonathan Ferland - Ice Dragons : 6 - Inferno : 5.
12:39 of 3rd period - Patrik Berglund wins face-off versus Martin Hanzal in neutral zone.
12:54 of 3rd period - Snap shot by Patrik Berglund.
12:54 of 3rd period - Stopped by Anders Nilsson with a rebound.
13:00 of 3rd period - Minor Penalty to Jeff Tambellini for Roughing.
13:01 of 3rd period - Patrik Berglund wins face-off versus Nigel Dawes in Ice Dragons zone.
13:02 of 3rd period - Wrist shot by Brad Marchand.
13:02 of 3rd period - Stopped by Anders Nilsson with a rebound.
13:04 of 3rd period - Slapshot by Travis Hamonic.
13:04 of 3rd period - Stopped by Anders Nilsson without a rebound.
13:05 of 3rd period - Nigel Dawes wins face-off versus Patrik Berglund in Ice Dragons zone.
13:05 of 3rd period - Nigel Dawes is hit by Brad Marchand.
13:46 of 3rd period - Cal Clutterbuck is hit by Stephane Veilleux and loses puck.
14:29 of 3rd period - Vladimir Zharkov is hit by Mats Zuccarello and loses puck.
14:50 of 3rd period - Cal Clutterbuck is hit by Patrik Berglund and loses puck.
15:00 of 3rd period - Penalty to Jeff Tambellini is over, Jeff Tambellini is back on ice.
15:14 of 3rd period - Snap shot by Alex Berry.
15:14 of 3rd period - Stopped by Anders Nilsson with a rebound.
15:16 of 3rd period - Wrist shot by Matt Kassian.
15:16 of 3rd period - Stopped by Anders Nilsson without a rebound.
15:17 of 3rd period - Patrick O'Sullivan wins face-off versus Colin Wilson in Ice Dragons zone.
16:03 of 3rd period - Slapshot by Martin Hanzal.
16:03 of 3rd period - Shot Misses the Net.
16:17 of 3rd period - Slapshot by David Ullstrom.
16:17 of 3rd period - Stopped by Anders Nilsson with a rebound.
16:19 of 3rd period - Snap shot by Alex Berry.
16:19 of 3rd period - Shot Misses the Net.
16:39 of 3rd period - Wrist shot by Marc-Antoine Pouliot.
16:39 of 3rd period - Stopped by Jonathan Boutin without a rebound.
16:40 of 3rd period - Marc-Antoine Pouliot wins face-off versus Colin Wilson in Inferno zone.
16:47 of 3rd period - Snap shot by Shean Donovan.
16:47 of 3rd period - Stopped by Jonathan Boutin without a rebound.
16:48 of 3rd period - Marc-Antoine Pouliot wins face-off versus Vladimir Sobotka in Inferno zone.
16:53 of 3rd period - Wrist shot by Nigel Dawes.
16:53 of 3rd period - Stopped by Jonathan Boutin without a rebound.
16:54 of 3rd period - Vladimir Sobotka wins face-off versus Marc-Antoine Pouliot in Inferno zone.
16:59 of 3rd period - Snap shot by Vladimir Sobotka.
16:59 of 3rd period - Stopped by Anders Nilsson without a rebound.
17:00 of 3rd period - Marc-Antoine Pouliot wins face-off versus Vladimir Zharkov in Ice Dragons zone.
17:00 of 3rd period - Marc-Antoine Pouliot is hit by Andrej Sekera.
18:35 of 3rd period - Slapshot by Brendan Mikkelson.
18:35 of 3rd period - Shot Blocked by Danny Syvret.
18:37 of 3rd period - Wrist shot by Brian Boyle.
18:37 of 3rd period - Deflect By Shean Donovan.
18:37 of 3rd period - Shot Misses the Net.
18:37 of 3rd period - Puck is out of play.
18:38 of 3rd period - Marc-Antoine Pouliot wins face-off versus David Ullstrom in Ice Dragons zone.
18:51 of 3rd period - Wrist shot by Nigel Dawes.
18:51 of 3rd period - Deflect By Travis Hamonic.
18:51 of 3rd period - Stopped by Jonathan Boutin without a rebound.
18:52 of 3rd period - Dan Bylsma call a timeout for Inferno.
18:52 of 3rd period - Jeff Tambellini wins face-off versus Patrik Berglund in Inferno zone.
19:14 of 3rd period - Inferno, Jonathan Boutin is pulled from the net.
19:30 of 3rd period - Wrist shot by Jeff Tambellini.
19:30 of 3rd period - Shot Blocked by Travis Hamonic.
19:41 of 3rd period - Cal Clutterbuck is hit by Travis Hamonic and loses puck.
Goals for this period are 2 for Ice Dragons vs 3 for Inferno.
Shots for this period are 11 for Ice Dragons vs 16 for Inferno.


Output by the SimonT Hockey Simulator (STHS) for François Prévost -- Original Page W3C XHTML 1.0 Valid
Hockey Simulator - Hockey Simulation - Hockey Manager